 Dungeon Crawl Stone Soup version 0.31.0-12-g77e489cdc1 (webtiles) character file.

Game seed: 5036526408116466162

59836 Baz the Fencer (level 14, -2/130 HPs)
             Began as a Minotaur Fighter on Feb 27, 2024.
             Was an Elder of Uskayaw.
             Slain by a starcursed mass (6 damage)
             ... on level 2 of the Abyss.
             The game lasted 00:47:54 (27455 turns).

Baz the Fencer (Minotaur Fighter)                  Turns: 27455, Time: 00:47:54

Health: -2/130     AC: 16    Str: 23    XL:     14   Next: 54%
Magic:  28/28      EV: 15    Int:  4    God:    Uskayaw [****..]
Gold:   1924       SH: 13    Dex: 16    Spells: 13/13 levels left

rFire   . . .        g - +2 long sword (holy)
rCold   . . .        C - +0 kite shield
rNeg    . . .        P - +0 plate armour
rPois   +            (helmet restricted)
rElec   .            (no cloak)
rCorr   .            (no gloves)
SInv    +            (no boots)
Will    +....        I - amulet of magic regeneration Stlth
                     f - ring "Rifesun" {^Drain rPois MP+9 Slay+4 SInv}
HPRegen 0.41/turn    w - +5 ring of evasion
MPRegen 0.61/turn

%: no passive effects
@: no status effects
A: horns 2, retaliatory headbutt, agile 1, poison resistance, noise suppression
a: Renounce Religion, Stomp, Line Pass


You were on level 2 of the Abyss.
You worshipped Uskayaw.
Uskayaw was aware of your devotion.
You visited 3 branches of the dungeon, and saw 20 of its levels.
You visited the Abyss 1 time.
You also visited: Bailey.

You collected 1924 gold pieces.

Inventory:

Hand Weapons
 g - a +2 long sword of holy wrath (weapon)
 j - the +4 rapier "Aghu" {freeze, rF++ SInv}
   (You found it on level 2 of the Dungeon)

   rF++:      It greatly protects you from fire.
   SInv:      It lets you see invisible.
 y - a +0 heavy long sword
Missiles
 d - 3 throwing nets (quivered)
Armour
 o - a +0 chain mail
 x - the +0 plate armour of Wasted Space {+Blink rF- Int+3 Dex+3}
   (You found it on level 5 of the Lair of Beasts)

   Int+3:     It affects your intelligence (+3).
   Dex+3:     It affects your dexterity (+3).
   rF-:       It makes you vulnerable to fire.
   +Blink:    It lets you blink.
 C - a +0 kite shield (worn)
 P - a +0 plate armour (worn)
Jewellery
 b - a ring of positive energy
 f - the ring "Rifesun" (left hand) {^Drain rPois MP+9 Slay+4 SInv}
   (You acquired it on level 11 of the Dungeon)

   [ring of see invisible]

   Slay+4:    It affects your accuracy & damage with ranged weapons and melee
   (+4).
   rPois:     It protects you from poison MP+9: It affects your magic capacity
   (+9).
   SInv:      It lets you see invisible.
   ^Drain:    It drains your maximum health when unequipped.
 w - a +5 ring of evasion (right hand)
 F - a ring of fire
 I - an amulet of magic regeneration (around neck)
 L - the ring of Shadows {Umbra +Inv Stlth+}
   (You found it on level 5 of the Lair of Beasts)

   [ring of stealth]

   Umbra:     It surrounds you with an aura of shadow, increasing your stealth
   and reducing the accuracy of all others within it.
   +Inv:      It lets you turn invisible.
   Stlth+:    It makes you more stealthy.
Wands
 p - a wand of quicksilver (11)
 K - a wand of charming (9)
 M - a wand of digging (4)
Scrolls
 c - 2 scrolls of poison
 h - a scroll of enchant weapon
 i - 2 scrolls of fog
 k - 3 scrolls of vulnerability
 l - a scroll of brand weapon
 m - 3 scrolls of fear
 q - 2 scrolls of immolation
 r - 2 scrolls of enchant armour
 A - 2 scrolls of teleportation
 B - 6 scrolls of identify
 D - 2 scrolls of amnesia
 E - a scroll of noise
 G - a scroll of torment
 N - 2 scrolls of blinking
 O - a scroll of revelation
Potions
 a - a potion of mutation
 e - a potion of brilliance
 n - 4 potions of curing
 s - a potion of resistance
 t - a potion of invisibility
 u - a potion of haste
 v - 4 potions of attraction
 z - a potion of heal wounds
 H - a potion of berserk rage
 J - a potion of cancellation


   Skills:
 + Level 13.8 Fighting
 + Level 16.6 Long Blades
 + Level 13.8 Armour
 + Level 6.8 Dodging
 + Level 13.6 Shields
 - Level 9.0 Invocations


You had 13 spell levels left.
You didn't know any spells.
Your spell library contained the following spells:

 Spells                   Type           Power      Damage    Failure   Level
 Magic Dart               Conj           0%         1d3       100%        1
 Blink                    Tloc           0%         N/A       100%        2
 Call Imp                 Summ           0%         N/A       100%        2
 Lesser Beckoning         Tloc           0%         N/A       100%        2
 Mercury Vapours          Alch/Air       0%         N/A       100%        2
 Gell's Gravitas          Tloc           0%         N/A       100%        3
 Mephitic Cloud           Conj/Alch/Air  0%         N/A       100%        3
 Teleport Other           Tloc           0%         N/A       100%        3
 Leda's Liquefaction      Alch/Erth      0%         N/A       100%        4
 Freezing Cloud           Conj/Ice/Air   0%         6-21      100%        5
 Lee's Rapid Deconstruct  Erth           0%         3d4*      100%        5
 Bombard                  Conj/Erth      0%         9d1       100%        6
 Conjure Ball Lightning   Conj/Air       0%         3x3d6     100%        6
 Discord                  Hex            0%         N/A       100%        8
 Disjunction              Tloc           0%         N/A       100%        8


Dungeon Overview and Level Annotations

Branches:
Dungeon (13/15)            Temple (0/1) D:5            Lair (5/5) D:10
 Shoals (0/4) Lair:2        Snake (0/4) Lair:2        Slime (0/5) Lair:4
    Orc (2/2) D:9             Elf (0/3) Orc:2        Bailey (visited)
 Vaults: D:13-14

Altars:
Ashenzari
Dithmenos
Elyvilon
Fedhas
Gozag
Hepliaklqana
Kikubaaqudgha
Nemelex Xobeh
Okawaru
Ru
Sif Muna
Trog
Uskayaw
Vehumet
Yredelemnul
The Shining One
Jiyva

Shops:
D:2 :*[!   D:4 (

Annotations:
D:5 2 runed translucent doors, Gandelf's ghost, novice SpCj
D:8 2 transporters
D:9 exclusion: orange crystal statue
Lair:4 exclusion: 3 oklob plants
Orc:2 Erolcha


Innate Abilities, Weirdness & Mutations

You have a pair of horns on your head.
You reflexively headbutt those who attack you in melee.
You are agile. (Dex +4, Str/Int -1)
Your system is resistant to poisons. (rPois)
You passively dampen the noise of your surroundings.


Message History

The starcursed mass is heavily damaged.
The starcursed mass shudders and is absorbed by its neighbour.
You completely miss the starcursed mass.
The starcursed mass is heavily damaged.
The starcursed mass shrieks in your mind.
* * * LOW HITPOINT WARNING * * *
You hit the starcursed mass but do no damage.
The starcursed mass is heavily damaged.
A starcursed mass splits.
You hit the starcursed mass.
The starcursed mass is heavily damaged.
The starcursed mass shudders and is absorbed by its neighbour.
A starcursed mass splits.
You hit the starcursed mass.
The starcursed mass is heavily damaged.
The starcursed mass shudders and is absorbed by its neighbour.
Uskayaw will force your foes to share their pain.
The starcursed mass shrieks in your mind.
* * * LOW HITPOINT WARNING * * *
You slash the starcursed mass! You headbutt the starcursed mass!
The starcursed mass is severely damaged.
A starcursed mass splits.
You hit the starcursed mass.
You headbutt the starcursed mass, but do no damage.
The starcursed mass is severely damaged.
The starcursed mass shudders and is absorbed by its neighbour.
You slash the starcursed mass!
The starcursed mass is severely damaged.
The starcursed mass shrieks in your mind.
* * * LOW HITPOINT WARNING * * *
You slash the starcursed mass! You headbutt the starcursed mass!
The starcursed mass is almost destroyed.
A starcursed mass splits.
You slash the starcursed mass!
You destroy the starcursed mass!
The starcursed mass closely misses you.
You slash the starcursed mass!
The starcursed mass is almost destroyed.
The starcursed mass touches you.
You die...

. #.##3#
....# # .. #
# .##. .
##.#. # ...#
#..#. # . #
#.#..####
... ##
#....##. ...
##....#..
.#.. #
##...@X#....
###.##.#...#
..##..# ..#
#.# #... ...
#.. ...#.
##. .
#.#..#. ..
..... .. .#
.....# ..


You could see a starcursed mass.

Vanquished Creatures
  A quicksilver dragon (Abyss:2)
  Kirke (Lair:3)
  An ice dragon (Lair:5)
  2 catoblepae
  Harold (D:11)
  A boulder beetle (Lair:3)
  2 two-headed ogres
  2 orc high priests
  A death yak (Lair:5)
  Nergalle (Orc:1)
  Sonja (Orc:1)
  A skyshark (Lair:5)
  4 lindwurms
  A starcursed mass (Abyss:2)
  2 orc knights
  4 cyclopes
  An orc sorcerer (Orc:2)
  2 black mambas (Lair:5)
  2 kobold blastminers (Orc:2)
  14 elephants
  6 torpor snails
  Maggie (D:6)
  A smoke demon (Abyss:2)
  3 unseen horror zombies (D:9)
  4 rime drakes
  15 cane toads
  6 komodo dragons
  2 unseen horrors
  A kobold demonologist (D:7)
  Psyche (D:11)
  3 tyrant leeches (Lair:5)
  12 polar bears
  4 trolls
  14 blink frogs
  5 dream sheep
  8 hornets
  Grinder (D:3)
  A centaur simulacrum (D:10)
  A spriggan (Lair:2)
  A vampire (D:12)
  Grum (D:11)
  6 hogs
  4 basilisks
  36 yaks
  6 wyverns
  2 steam dragons
  2 wraiths (D:12)
  A warg (D:9)
  2 nagas (Lair:2)
  17 water moccasins
  Duvessa (D:4)
  18 orc warriors
  An ice beast (D:10)
  2 black bears
  2 sky beasts (D:6)
  6 ogres
  A small abomination (Abyss:2)
  13 wolves
  4 centaurs
  A phantom (D:6)
  Blork the orc (D:5)
  3 kobold brigands
  13 bullfrogs
  2 gnoll sergeants
  3 scorpions
  7 wights
  Dowan (D:4)
  6 killer bees
  2 electric eels (D:10)
  7 howler monkeys
  4 centaur zombies (D:9)
  10 orc priests
  A bombardier beetle (D:4)
  A hound (D:6)
  3 jellies
  2 sleepcaps (D:4)
  2 scorpion zombies (D:4)
  Natasha (thrice) (D:4)
  4 iguanas
  18 orc wizards
  A hound zombie (D:4)
  A howler monkey zombie (D:9)
  13 gnolls
  10 adders
  10 white imps
  5 ufetubi
  An adder zombie (D:4)
  4 ribbon worms
  6 dart slugs
  54 orcs
  4 ball pythons
  4 bats
  6 endoplasms
  2 giant cockroaches
  12 goblins
  7 hobgoblins
  7 jackals
  5 quokkas
  3 frilled lizards
  20 kobolds
  A quokka zombie (D:4)
  7 rats
537 creatures vanquished.

Vanquished Creatures (collateral kills)
  A wight (D:9)
1 creature vanquished.

Vanquished Creatures (others)
  A wolf (D:10)
  An orc (D:11)
2 creatures vanquished.

Grand Total: 540 creatures vanquished

Notes
Turn   | Place    | Note
-------+----------+-------------------------------------------
     0 | D:1      | Baz the Minotaur Fighter began the quest for the Orb.
     0 | D:1      | Reached XP level 1. HP: 19/19 MP: 0/0
   244 | D:1      | Reached XP level 2. HP: 25/27 MP: 1/1
   262 | D:1      | Reached skill level 3 in Long Blades
   579 | D:1      | You fall into a shaft and drop 1 floor!
   638 | D:2      | Identified the +4 rapier "Aghu" {freeze, rF++ SInv}
   697 | D:2      | Reached XP level 3. HP: 25/33 MP: 2/2
   740 | D:2      | Found Erericodoch's Book Boutique.
   865 | D:2      | Found Dynuobbu's Assorted Antiques.
   867 | D:2      | Found Mopnep's Antique Armour Boutique.
   887 | D:2      | Reached XP level 4. HP: 40/40 MP: 3/3
  1150 | D:2      | Found Gureinn's Distillery.
  1255 | D:3      | Noticed Grinder
  1379 | D:3      | Reached skill level 4 in Long Blades
  1529 | D:3      | Found a sparkling altar of Nemelex Xobeh.
  1572 | D:3      | Found a hide-covered altar of Uskayaw.
  1612 | D:3      | Became a worshipper of Uskayaw the Reveller
  1668 | D:3      | Found a bloodstained altar of Trog.
  1673 | D:3      | Reached * piety under Uskayaw
  1692 | D:3      | Found a glowing golden altar of the Shining One.
  1702 | D:3      | Reached ** piety under Uskayaw
  1838 | D:3      | Paralysed by Grinder for 4 turns
  1849 | D:3      | Reached *** piety under Uskayaw
  1852 | D:3      | Killed Grinder
  1853 | D:3      | Reached skill level 5 in Long Blades
  1853 | D:3      | Reached XP level 5. HP: 18/47 MP: 4/4
  1853 | D:3      | Reached XP level 6. HP: 21/55 MP: 5/5
  2046 | D:3      | Found a broken altar of Ashenzari.
  2051 | D:3      | Reached skill level 5 in Shields
  2100 | D:3      | Found a blossoming altar of Fedhas.
  2158 | D:3      | Found a faded altar of an unknown god.
  2208 | D:4      | Found an iron altar of Okawaru.
  2271 | D:4      | Reached skill level 5 in Fighting
  2271 | D:4      | Reached skill level 5 in Armour
  2364 | D:4      | Found a basalt altar of Yredelemnul.
  2364 | D:4      | Noticed Duvessa
  2364 | D:4      | Noticed Dowan
  2395 | D:4      | Killed Duvessa
  2396 | D:4      | Reached skill level 1 in Invocations
  2396 | D:4      | Reached XP level 7. HP: 51/61 MP: 6/6
  2399 | D:4      | Reached **** piety under Uskayaw
  2400 | D:4      | Reached skill level 6 in Long Blades
  2406 | D:4      | Killed Dowan
  2406 | D:4      | Reached ***** piety under Uskayaw
  2892 | D:3      | Gained mutation: You do not regenerate when monsters are
                  | visible. [potion of mutation]
  2892 | D:3      | Gained mutation: You are vulnerable to heat. (rF-) [potion
                  | of mutation]
  2892 | D:3      | Gained mutation: Armour fits poorly on your strangely
                  | shaped body. [potion of mutation]
  3226 | D:4      | Found a shadowy altar of Dithmenos.
  3454 | D:4      | Found Geutiv's Weapon Shoppe.
  3522 | D:4      | Found a white marble altar of Elyvilon.
  3562 | D:4      | Reached skill level 7 in Long Blades
  3622 | D:4      | Noticed Natasha
  3628 | D:4      | Killed Natasha
  3629 | D:4      | Reached XP level 8. HP: 67/70 MP: 8/8
  3665 | D:4      | Noticed Natasha
  3668 | D:4      | Killed Natasha
  3675 | D:4      | Noticed Natasha
  3683 | D:4      | Killed Natasha
  3722 | D:5      | Entered Level 5 of the Dungeon
  3744 | D:5      | Noticed Blork the orc
  3749 | D:5      | Killed Blork the orc
  4048 | D:5      | Found a staircase to the Ecumenical Temple.
  4431 | D:5      | Reached skill level 8 in Long Blades
  4878 | D:5      | Found a large runed translucent door.
  4878 | D:5      | Found a large runed translucent door.
  4880 | D:5      | Noticed Gandelf's ghost (novice SpCj)
  5315 | D:6      | Noticed Maggie
  5386 | D:6      | Killed Maggie
  5387 | D:6      | Reached skill level 9 in Long Blades
  5387 | D:6      | Reached XP level 9. HP: 33/79 MP: 10/10
  5888 | D:7      | Found a flagged portal.
  5921 | Bailey   | Entered a bailey
  5954 | Bailey   | Noticed an orc warlord
  6413 | Bailey   | Noticed an orc knight
  6433 | Bailey   | Killed an orc knight
  6434 | Bailey   | Reached skill level 10 in Long Blades
  6665 | Bailey   | Found a runed translucent gate.
  6667 | Bailey   | Found a runed translucent gate.
  6668 | Bailey   | Found a runed translucent gate.
  6884 | D:7      | Found a shimmering blue altar of Sif Muna.
  7489 | D:7      | Noticed a kobold demonologist
  7495 | D:7      | Noticed a kobold demonologist
  7497 | D:7      | Noticed a smoke demon
  7500 | D:7      | Killed a kobold demonologist
  7501 | D:7      | Reached XP level 10. HP: 60/88 MP: 12/12
  7502 | D:7      | Reached skill level 5 in Invocations
  7506 | D:7      | Noticed a rust devil
  7647 | D:8      | Found a transporter.
  7650 | D:8      | Noticed a cane toad
  7652 | D:8      | Noticed a centaur warrior
  7652 | D:8      | Noticed a centaur warrior
  7653 | D:8      | Noticed a cyclops
  7663 | D:8      | a cane toad changed into a troll
  7669 | D:8      | Found a transporter.
  7669 | D:8      | Found the dreamshard necklace {Acrobat *Dream}
  7846 | D:8      | Noticed a meliai
  7850 | D:8      | a meliai changed into a black mamba
  7850 | D:8      | Noticed a black mamba (shapeshifter)
  7858 | D:8      | a black mamba changed into a river rat
  7862 | D:8      | a river rat changed into a swamp dragon
  7862 | D:8      | Noticed a swamp dragon (shapeshifter)
  8163 | D:8      | Reached skill level 11 in Long Blades
  8219 | D:8      | Found an ancient bone altar of Kikubaaqudgha.
  8221 | D:8      | Found an opulent altar of Gozag.
  8320 | D:8      | Found a radiant altar of Vehumet.
  9612 | D:9      | Found a staircase to the Orcish Mines.
  9810 | D:8      | Reached skill level 12 in Long Blades
 10268 | D:9      | Reached XP level 11. HP: 74/97 MP: 14/14
 10496 | D:9      | Found a hazy altar of Hepliaklqana.
 10853 | D:9      | Noticed an orange crystal statue
 11150 | D:9      | Found a sacrificial altar of Ru.
 11415 | D:10     | Entered Level 10 of the Dungeon
 11421 | D:10     | Found a staircase to the Lair.
 11935 | D:11     | Acquired the ring "Rifesun" {^Drain rPois MP+9 Slay+4 SInv}
 12096 | D:10     | Reached skill level 13 in Long Blades
 12596 | D:11     | Reached skill level 10 in Fighting
 12712 | D:11     | Noticed Harold
 12723 | D:11     | Killed Harold
 12724 | D:11     | Reached skill level 10 in Armour
 12966 | D:11     | Lost mutation: You are vulnerable to heat. (rF-) [potion of
                  | mutation]
 12966 | D:11     | Lost mutation: You do not regenerate when monsters are
                  | visible. [potion of mutation]
 12966 | D:11     | Gained mutation: Potions are less effective at restoring
                  | your health. [potion of mutation]
 12966 | D:11     | Gained mutation: You passively dampen the noise of your
                  | surroundings. [potion of mutation]
 12966 | D:11     | Gained mutation: You possess an exceptional clarity of
                  | mind. [potion of mutation]
 13050 | D:11     | Noticed Grum
 13067 | D:11     | Killed Grum
 13264 | D:11     | Noticed Psyche
 13281 | D:11     | Killed Psyche
 13282 | D:11     | Reached skill level 10 in Shields
 14786 | Lair:1   | Entered Level 1 of the Lair of Beasts
 14795 | Lair:1   | Noticed a catoblepas
 14817 | Lair:1   | Killed a catoblepas
 14818 | Lair:1   | Reached skill level 14 in Long Blades
 14818 | Lair:1   | Reached XP level 12. HP: 11/107 MP: 16/16
 15268 | Lair:1   | You fall into a shaft and drop 1 floor!
 15343 | Lair:2   | Found a staircase to the Shoals.
 15369 | Lair:2   | Found a staircase to the Snake Pit.
 17318 | Lair:1   | HP: 4/110 [elephant (12)]
 18105 | Lair:1   | Reached skill level 15 in Long Blades
 18758 | Lair:1   | Lost mutation: Armour fits poorly on your strangely shaped
                  | body. [potion of mutation]
 18758 | Lair:1   | Lost mutation: Potions are less effective at restoring your
                  | health. [potion of mutation]
 18758 | Lair:1   | Lost mutation: You possess an exceptional clarity of mind.
                  | [potion of mutation]
 18758 | Lair:1   | Gained mutation: You are agile. (Dex +4, Str/Int -1)
                  | [potion of mutation]
 18758 | Lair:1   | Gained mutation: Your system is resistant to poisons.
                  | (rPois) [potion of mutation]
 19053 | Lair:3   | Reached XP level 13. HP: 33/117 MP: 18/18
 19054 | Lair:3   | Reached skill level 1 in Dodging
 19986 | Lair:3   | Identified the serpent talisman of Untold Secrets {rElec
                  | Int+6}
 20185 | Lair:3   | Noticed Kirke
 20260 | Lair:3   | Killed Kirke
 20723 | Lair:4   | Found a viscous altar of Jiyva.
 20723 | Lair:4   | Found a staircase to the Slime Pits.
 22331 | Lair:5   | Entered Level 5 of the Lair of Beasts
 22855 | Lair:5   | Identified the +0 plate armour of Wasted Space {+Blink rF-
                  | Int+3 Dex+3}
 23067 | Lair:5   | Found the ring of Shadows {Umbra +Inv Stlth+}
 23074 | Lair:5   | Identified the +1 dagger "Yrov" {flame, *Noise rC+ Dex+7}
 23172 | Lair:5   | Reached skill level 5 in Dodging
 23186 | Lair:5   | Reached skill level 16 in Long Blades
 23313 | Lair:5   | Reached XP level 14. HP: 75/129 MP: 19/19
 25743 | D:13     | Noticed a fire giant
 25757 | D:13     | Noticed a tengu reaver
 26077 | Orc:1    | Entered Level 1 of the Orcish Mines
 26352 | Orc:1    | Noticed Sonja
 26357 | Orc:1    | Killed Sonja
 26389 | Orc:2    | Entered Level 2 of the Orcish Mines
 26903 | Orc:2    | Found Uxkoowkoy's Distillery.
 26995 | Orc:2    | Found a staircase to the Elven Halls.
 27026 | Orc:1    | Noticed Nergalle
 27037 | Orc:1    | Killed Nergalle
 27324 | Orc:2    | Noticed Erolcha
 27348 | Abyss:2  | Cast into level 2 of the Abyss (Erolcha)
 27370 | Abyss:2  | Noticed a quicksilver dragon
 27393 | Abyss:2  | Killed a quicksilver dragon
 27451 | Abyss:2  | HP: 3/130 [starcursed mass/accursed screaming (8)]
 27455 | Abyss:2  | Slain by a starcursed mass

Illustrated notes

Levels and vault maps discovered:
D:1:      grunt_arrival_crossed_arrows, layout_loops_cross, nicolae_titane
D:2:      layout_loops_ring, serial_shops, shop,
          nicolae_shop_tiny_statue_garden, shop, shop_fountains, minmay_vboxes
D:3:      layout_rooms, fedhas_altar_4, mainiacjoe_overflow_catwalk,
          old_standard_altar, mainiacjoe_overflow_catch_the_wave,
          mainiacjoe_overflow_alcove_1, shapermc_ecumenical_altar_mp_highgroup,
          minmay_surrounded, uniq_grinder
D:4:      layout_rooms, nicolae_yredelemnul_corpse_copse,
          mainiacjoe_overflow_large_starburst, mainiacjoe_overflow_tiny_flanked,
          serial_shops, shop, hellmonk_no_cap, uniq_duvessa, uniq_natasha
D:5:      layout_basic, minmay_temple_entry_trees, ebering_ghost_disaster_area,
          uniq_blork_the_orc
D:6:      layout_cave_pools, uniq_maggie
D:7:      layout_gridville, lemuel_tele_altar, enter_bailey_1
D:8:      gammafunk_sealed_arena, layout_layer_cave, minitemple
D:9:      layout_long_grid, mainiacjoe_overflow_24_doors,
          nicolae_ru_the_path_less_chosen, erik_orc_3, serial_undead,
          serial_undead_e, serial_undead_a, serial_undead_d, serial_undead_f,
          nrook_mini_backslash, minmay_protected_statue
D:10:     layout_rooms, erik_lair_orcish_takeover, serial_ice, serial_ice_d,
          serial_ice_m, serial_ice_l, serial_ice_a, serial_ice_c, serial_ice_n,
          serial_ice_g
D:11:     layout_rooms, uniq_harold, uniq_grum, uniq_psyche
D:12:     layout_layer_cave
D:13:     layout_gridville, minmay_checkered_concentric_circles
Lair:1:   layout_cave_pods, lemuel_fruit_tree
Lair:2:   layout_cave_pods, minmay_shoals_entry_centaurs,
          guppyfry_snake_entry_island, grunt_forest_large_clearing_hut
Lair:3:   beast_lair_carwin_large_2, layout_long_grid, uniq_kirke
Lair:4:   layout_regular_city, minmay_slime_entry_oklob_open,
          chequers_serial_rivers_micro_d, serial_bayou_shore_b
Lair:5:   hangedman_lair_in_review, layout_layer_cave, wormcave, serial_bayou,
          serial_bayou_pond_b, serial_bayou_shore_a, serial_bayou_shore_b,
          serial_bayou_pond_d, nicolae_lair_yak_garden
Orc:1:    layout_caves, basic_altar, uniq_nergalle, uniq_maurice, uniq_sonja
Orc:2:    pf_orc_diabolical, layout_caves, serial_shops, shop,
          nicolae_orc_crystal_seam, uniq_erolcha
Abyss:2:  base: D:11, base: Orc:1, minivault_19

Skill      XL: |  1  2  3  4  5  6  7  8  9 10 11 12 13 14 |
---------------+-------------------------------------------+-----
Long Blades    | 3 5 7 9 10 12 14 15 16 | 16.6
Fighting       | 4 5 6 7 8 9 10 11 13 | 13.8
Shields        | 4 5 7 8 9 10 11 12 13 | 13.6
Armour         | 4 5 7 8 9 10 11 13 | 13.8
Invocations    | 1 2 3 4 6 7 8 9 |  9.0
Dodging        | 5 6 |  6.8

Action                     |  1- 3 |  4- 6 |  7- 9 | 10-12 | 13-15 || total
---------------------------+-------+-------+-------+-------+-------++-------
  Melee: Long sword        |    15 |       |       |   461 |   627 ||  1103
         Headbutt          |    12 |    16 |    66 |   199 |   198 ||   491
         Short sword       |    22 |       |       |       |       ||    22
         Rapier            |    29 |   106 |   326 |   321 |       ||   782
 Invoke: Line Pass         |       |       |     1 |     3 |       ||     4
         Stomp             |       |       |       |     2 |     4 ||     6
         Grand Finale      |       |       |       |       |     1 ||     1
  Evoke: Wand              |       |       |     1 |     3 |     1 ||     5
    Use: Potion            |     2 |       |     6 |     6 |     2 ||    16
         Scroll            |       |       |     8 |    14 |     3 ||    25
   Stab: Paralysed         |       |     3 |    12 |    47 |    49 ||   111
         Confused          |       |       |     1 |       |       ||     1
 Armour: Scale mail        |    35 |    60 |   156 |       |       ||   251
         Swamp dragon scal |       |       |    61 |   295 |       ||   356
         Chain mail        |       |       |       |   235 |   317 ||   552
         Plate armour      |       |       |       |       |    33 ||    33
  Dodge: Dodged            |    28 |    40 |   134 |   248 |   274 ||   724
  Block: Buckler           |    11 |    19 |    95 |     6 |       ||   131
         Kite shield       |       |       |       |   397 |   402 ||   799
